Map: [ESL] Stargazers

Players

Cham

  • Race: Zerg Zerg
  • Spawn Location: 11:00

Kelazhur - Winner!

  • Race: Terran Terran
  • Spawn Location: 1:00

Event: DreamHack SC2 Masters 2022 Atlanta (Online)

VOD

Have the link to the VOD?

Description

Time

  • Played on: Sept. 29, 2022, 3:32 p.m.
  • Length: 13:36

All games in this series

Show
View Real Time Build Order
Export as new Build Order

Cham Zerg 

Build Orders: Hatch First 

Get SALT Encoding   

  12  0:00  Drone  
  13  0:12  Overlord  
  13  0:18  Drone  
  14  0:30  Drone x2  
  16  0:48  Hatchery  
  15  0:51  Drone  
  15  0:54  Drone  
  17  0:57  Drone  
  18  1:11  Spawning Pool  
  18  1:13  Extractor  
  18  1:16  Drone  
  17  1:20  Drone  
  18  1:28  Drone  
  19  1:39  Drone  
  20  1:49  Drone  
  21  1:59  Queen  
  21  2:00  Queen  
  21  2:01  Zergling x4  
  27  2:11  Overlord  
  27  2:12  Drone  
  28  2:23  Hatchery  
  28  2:25  Drone  
  28  2:33  Drone x2  
  28  2:36  Drone  
  30  2:40  Queen  
  30  2:43  Drone  
  33  2:52  Overlord  
  33  2:54  Drone x2  
  36  3:05  Drone  
  36  3:10  Drone  
  36  3:11  Drone x6  
  43  3:16  Roach Warren  
  42  3:21  Queen  
  42  3:26  Overlord  
  44  3:28  Overlord  
  44  3:34  Drone  
  45  3:42  Spore Crawler  
  45  3:45  Drone x3  
  45  3:46  Spore Crawler  
  45  3:48  Drone  
  47  3:54  Drone  
  48  3:56  Drone x2, Roach  
  48  3:57  Drone x2, Roach  
  55  4:05  Roach x2  
  55  4:06  Roach  
  61  4:13  Drone x2  
  61  4:14  Roach  
  65  4:17  Evolution Chamber  
  65  4:20  Evolution Chamber  
  62  4:29  Drone  
  62  4:30  Drone x2  
  62  4:31  Overlord x3  
  65  4:32  Overlord  
  65  4:37  Overlord x2  
  65  4:44  Overlord  
  65  4:52  Drone x5  
  70  4:53  Lair, Drone  
  70  4:56  Spore Crawler  
  70  4:57  Spore Crawler  
  69  5:00  Extractor  
  69  5:01  Drone x3  
  72  5:07  Drone  
  72  5:08  Drone x2  
  72  5:12  Drone  
  75  5:14  Drone x3  
  75  5:17  Drone x3  
  81  5:23  Extractor  
  81  5:24  Extractor  
  81  5:25  Drone x2, Extractor  
  81  5:26  Extractor  
  81  5:27  Drone  
  81  5:28  Drone x3  
  83  5:33  Drone  
  83  5:34  Drone  
  85  5:36  Overlord  
  85  5:39  Drone, Overlord  
  86  5:47  Overlord x2  
  86  5:48  Drone x2, Overlord  
  88  5:59  Evolution Chamber  
  88  6:02  Roach  
  88  6:03  Hatchery, Evolution Chamber  
  88  6:04  Roach x6  
  92  6:11  Roach x3  
  100  6:16  Drone x3  
  96  6:23  Drone  
  95  6:29  Drone x4  
  95  6:30  Drone x4  
  101  6:36  Drone  
  101  6:37  Drone x2  
  101  6:39  Drone  
  105  6:42  Drone  
  105  6:45  Overlord  
  104  6:47  Zerg Ground Armor Level 1  
  104  6:51  Drone  
  104  6:52  Drone  
  104  6:57  Overlord x2  
  104  7:02  Overlord x2  
  104  7:03  Drone x2  
  106  7:09  Ravager  
  106  7:10  Ravager x2  
  106  7:12  Drone  
  106  7:15  Zergling x6  
  112  7:16  Queen  
  112  7:21  Metabolic Boost  
  112  7:22  Zerg Missile Weapons Level 1  
  115  7:27  Zergling x12  
  121  7:31  Overlord  
  121  7:33  Drone x2  
  121  7:34  Drone x2  
  125  7:38  Drone x2  
  125  7:40  Drone  
  125  7:42  Ravager  
  125  7:43  Zergling x2  
  130  7:48  Drone x2, Overlord  
  130  7:50  Baneling Nest, Infestation Pit, Drone x3  
  133  7:54  Glial Reconstitution  
  133  7:56  Overlord  
  134  7:58  Drone x2  
  134  7:59  Zergling x2  
  134  8:00  Zergling x2  
  134  8:01  Zergling x2  
  134  8:02  Hatchery  
  137  8:10  Roach x4  
  140  8:25  Drone  
  140  8:26  Overlord  
  139  8:27  Drone  
  139  8:28  Drone, Roach  
  139  8:29  Zergling x12, Roach x3  
  139  8:32  Hatchery  
  154  8:34  Spore Crawler  
  154  8:36  Zergling x2, Roach x2  
  154  8:39  Hive  
  158  8:42  Overlord  
  158  8:45  Centrifugal Hooks  
  158  8:46  Zergling x16  
  165  8:52  Overlord  
  165  8:54  Zergling x4  
  167  9:04  Zergling x6  
  167  9:09  Zergling x8  
  167  9:13  Baneling x9  
  166  9:19  Zergling x18  
  166  9:20  Queen  
  166  9:22  Hatchery, Zerg Melee Weapons Level 1, Zerg Ground Armor Level 2  
  175  9:24  Zergling x6  
  175  9:30  Zergling x2  
  179  9:34  Baneling x6  
  179  9:35  Zergling x6  
  182  9:38  Overlord  
  182  9:43  Drone x2, Overlord  
  182  9:44  Zergling x4  
  186  9:46  Baneling x5  
  186  9:49  Zergling x10  
  186  9:50  Adrenal Glands  
  191  9:53  Drone  
  191  9:54  Drone  
  193  10:01  Drone x3  
  193  10:03  Extractor  
  193  10:04  Extractor, Overlord  
  193  10:06  Drone x2  
  196  10:09  Zergling x2, Hatchery  
  191  10:15  Baneling x8  
  191  10:21  Zergling x16  
  197  10:27  Zergling x6  
  174  10:37  Zergling x2  
  174  10:38  Zergling x12  
  174  10:42  Zergling x2  
  155  10:43  Zergling x8  
  155  10:48  Zergling x10  
  161  10:52  Drone  
  156  11:00  Zergling x2  
  156  11:01  Zergling x8  
  156  11:03  Queen  
  150  11:04  Queen  
  150  11:05  Zergling x2  
  150  11:06  Baneling  
  150  11:07  Baneling x11  
  150  11:11  Queen  
  153  11:16  Zergling x10  
  153  11:18  Baneling x8  
  160  11:20  Zergling x4  
  158  11:27  Drone  
  158  11:28  Drone x3  
  116  11:42  Zergling x2  
  116  11:43  Zergling x22, Hatchery  
  116  11:45  Zergling x2  
  120  11:48  Zergling x6  
  120  11:51  Queen  
  120  11:52  Zergling x4  
  127  12:02  Drone x3  
  127  12:05  Zergling x8  
  132  12:10  Drone x2  
  132  12:11  Baneling x3  
  132  12:12  Zergling x2  
  132  12:15  Baneling x3, Hatchery  
  135  12:16  Zergling x2, Baneling x8  
  135  12:17  Zergling x2  
  136  12:23  Zergling x16  
  136  12:24  Zergling x2  
  136  12:26  Baneling x9  
  145  12:31  Zergling x10  
  145  12:32  Zergling x6  
  153  12:42  Baneling  
  152  12:44  Zergling x16  
  152  12:48  Drone  
  152  12:50  Hatchery  
  160  12:53  Zergling x8  
  164  13:00  Baneling  
  164  13:01  Baneling x4  
  164  13:03  Drone x2  
  164  13:04  Zergling x10, Spire  
  170  13:06  Drone, Overlord  
  170  13:08  Zergling x2  
  170  13:11  Baneling x3  
  170  13:12  Baneling x4  
  172  13:15  Zergling x10  
  172  13:19  Baneling x4  
Show
View Real Time Build Order
Export as new Build Order

Kelazhur Terran - Winner!

Build Orders: Hellion Opening, Reaper Expand 

Get SALT Encoding   

  12  0:00  SCV  
  13  0:12  SCV  
  14  0:17  Supply Depot  
  14  0:24  SCV  
  15  0:39  SCV  
  15  0:41  Barracks  
  16  0:43  Refinery  
  16  0:51  SCV  
  17  1:03  SCV  
  18  1:15  SCV  
  19  1:28  Reaper, Orbital Command  
  20  1:39  Command Center  
  20  1:48  Supply Depot  
  20  1:53  SCV  
  21  2:00  Marine  
  22  2:04  Factory  
  22  2:06  SCV  
  23  2:18  SCV  
  23  2:21  Barracks Reactor  
  24  2:30  SCV  
  25  2:40  Command Center  
  25  2:42  SCV  
  26  2:55  Orbital Command  
  26  2:56  SCV  
  27  3:03  Hellion x2  
  27  3:05  Orbital Command  
  31  3:08  SCV  
  31  3:09  Starport  
  32  3:12  Barracks Tech Lab  
  32  3:16  Refinery  
  32  3:21  SCV  
  32  3:26  Hellion  
  35  3:28  Hellion  
  35  3:31  SCV  
  38  3:35  SCV  
  39  3:43  SCV  
  39  3:47  SCV  
  41  3:50  Hellion x2  
  41  3:55  SCV  
  46  3:57  Orbital Command  
  46  3:59  SCV  
  46  4:00  Viking  
  49  4:07  SCV  
  50  4:11  SCV  
  51  4:19  SCV  
  51  4:23  SCV  
  54  4:27  SCV  
  51  4:31  SCV  
  51  4:33  Liberator  
  51  4:35  SCV  
  56  4:39  Supply Depot, Bunker, Marine x2  
  56  4:40  Bunker  
  56  4:41  Siege Tank  
  61  5:00  Supply Depot, SCV x3  
  64  5:12  SCV x3  
  66  5:17  Engineering Bay  
  66  5:18  Engineering Bay  
  66  5:21  Liberator, Barracks  
  69  5:22  Barracks  
  69  5:24  SCV x3, Factory Reactor  
  69  5:26  Stimpack, Marine  
  73  5:36  SCV x2  
  73  5:38  Supply Depot  
  73  5:39  SCV  
  76  5:43  Marine  
  76  5:47  Barracks  
  76  5:48  Barracks  
  76  5:49  Terran Infantry Weapons Level 1  
  77  5:59  Supply Depot  
  77  6:00  SCV x2  
  77  6:01  Supply Depot  
  77  6:03  Supply Depot, Refinery  
  79  6:04  Refinery  
  79  6:09  SCV  
  79  6:10  Command Center  
  80  6:11  Marine  
  80  6:12  Refinery x2, SCV  
  80  6:19  SCV  
  80  6:20  Marine  
  80  6:22  Starport Reactor  
  80  6:25  SCV  
  83  6:27  SCV  
  83  6:28  Factory Tech Lab  
  83  6:30  Marine x2  
  78  6:33  SCV  
  78  6:37  SCV  
  80  6:41  Marine x2  
  80  6:44  Barracks Reactor x2  
  80  6:45  Terran Infantry Armor Level 1  
  82  6:49  SCV x3, Armory  
  82  6:50  Marine  
  83  6:54  Marine x2  
  83  6:56  Siege Tank  
  83  7:00  Marine x2  
  83  7:01  SCV, Medivac  
  92  7:03  SCV x2  
  92  7:05  Supply Depot  
  95  7:08  Marine  
  95  7:11  Medivac  
  95  7:12  Marine  
  95  7:13  SCV, Combat Shield, Marine  
  101  7:18  SCV, Marine  
  101  7:21  Marine  
  101  7:22  Marine x4  
  108  7:25  Barracks  
  108  7:26  Barracks  
  108  7:27  Barracks, SCV x2  
  108  7:29  Marine  
  110  7:30  SCV, Marine  
  110  7:31  Supply Depot  
  110  7:33  Medivac  
  110  7:34  Supply Depot, Siege Tank  
  118  7:39  SCV  
  118  7:41  Medivac, Marine  
  122  7:45  Orbital Command  
  122  7:47  Marine x6  
  122  7:49  Terran Infantry Weapons Level 2  
  122  7:50  Terran Vehicle Weapons Level 1  
  128  7:53  SCV x3  
  128  7:57  Supply Depot  
  131  8:00  Supply Depot  
  131  8:03  Medivac, Factory  
  131  8:05  SCV  
  134  8:08  Marine  
  134  8:11  Marine x8  
  137  8:20  Marine  
  137  8:22  Medivac  
  137  8:26  Marine  
  143  8:29  Marine x2  
  143  8:32  Barracks Tech Lab  
  143  8:33  Medivac  
  146  8:34  Barracks Tech Lab x2  
  146  8:35  Supply Depot  
  146  8:37  Supply Depot  
  145  8:41  SCV  
  145  8:42  SCV x3  
  145  8:46  Neosteel Armor  
  148  8:49  Marauder, Marine x8  
  148  8:51  Factory Reactor, Drilling Claws  
  148  8:52  Medivac  
  160  8:55  Refinery  
  160  8:56  Refinery, Siege Tank  
  160  9:00  Supply Depot x2, Marine  
  164  9:03  Medivac  
  162  9:14  Marauder x3, Marine x8  
  174  9:18  Marine  
  174  9:29  Siege Tank  
  174  9:30  Sensor Tower  
  174  9:31  Widow Mine, Marine  
  179  9:32  Widow Mine, Marine x4  
  179  9:35  Marauder x2  
  179  9:36  Marine  
  179  9:37  Marauder, Marine  
  194  9:39  Marine  
  195  9:49  Marine  
  196  9:54  Command Center  
  196  9:55  Supply Depot  
  196  10:04  Terran Infantry Armor Level 2  
  196  10:09  Terran Vehicle Weapons Level 2  
  196  10:10  Ghost Academy  
  196  10:17  Widow Mine, Marauder  
  196  10:19  Marauder, Marine  
  196  10:20  Marine x2  
  200  10:24  Marine  
  200  10:25  Marauder x2  
  192  10:28  Marine x4  
  192  10:33  Terran Infantry Weapons Level 3  
  192  10:35  Medivac x2  
  189  10:36  Marine  
  189  10:38  Marauder  
  189  10:39  Siege Tank  
  189  10:40  Widow Mine x2, Marauder  
  176  10:43  Marine x3  
  176  10:46  Marauder x2, Marine x4  
  181  10:54  Marine  
  181  10:56  SCV x4  
  180  11:00  Marauder, Marine  
  180  11:01  Marine x2  
  180  11:02  Marauder  
  185  11:04  Marine x4  
  185  11:05  Medivac x2  
  185  11:07  Marine  
  185  11:08  SCV x2, Widow Mine, Marauder  
  200  11:17  Planetary Fortress  
  200  11:26  Concussive Shells  
  157  11:40  Ghost x4  
  157  11:41  Marine x5  
  157  11:42  Marine  
  157  11:43  Widow Mine x2, Siege Tank  
  169  11:47  Factory  
  169  11:53  Marine  
  168  12:00  Command Center, Marine x2  
  170  12:01  Command Center  
  170  12:02  Marine x5  
  170  12:06  Widow Mine x2  
  170  12:08  Command Center  
  179  12:09  Marine x3  
  179  12:10  Marauder  
  179  12:11  Marine  
  185  12:17  Missile Turret  
  185  12:18  Marine  
  185  12:19  Missile Turret  
  186  12:23  Marine x5  
  186  12:24  Marine  
  186  12:27  Marauder  
  186  12:28  Marauder, Siege Tank  
  198  12:45  Marauder  
  200  13:07  Factory Tech Lab  
Tags
 
Add a new tag
Caveats
  • Supply blocks, unpowered buildings, or Contaminate may cause inaccurate times.
  • Supply counts are checked every 10 seconds.